 Dungeon Crawl Stone Soup version 0.19-a0-1608-g4cf22de (webtiles) character file.

259 4thArraOfDagon the Slasher (level 5, 0/60 HPs)
             Began as a Vampire Gladiator on Sept 17, 2016.
             Slain by an orc
             ... wielding a +0 whip
              (3 damage)
             ... on level 5 of the Dungeon.
             The game lasted 00:04:20 (833 turns).

4thArraOfDagon the Slasher (Vampire Gladiator)       Turns: 833, Time: 00:04:21

Health: 0/60       AC: 22    Str: 19    XL:     5   Next: 94%
Magic:  5/5        EV:  2    Int: 11    God:
Gold:   94         SH:  0    Dex: 15    Spells: 0 memorised, 4 levels left

rFire  x . .     SeeInvis +     o - +4 quarterstaff (chaos)
rCold  + . .     Gourm    .     (armour currently unavailable)
rNeg   + + +     Faith    .     (shield currently unavailable)
rPois  +         Spirit   .     (helmet currently unavailable)
rElec  .         Dismiss  .     (cloak currently unavailable)
rCorr  .         Reflect  .     (gloves currently unavailable)
MR     .....     Harm     +     (boots currently unavailable)
Stlth  +......... NoTele   +    f - amulet of harm
                                i - ring of ice
                                h - ring of positive energy

@: mighty, tree-form, regenerating quickly
A: (fangs 0), see invisible, (unbreathing)
a: no special abilities


You were on level 5 of the Dungeon.
You were almost alive.
You were a tree.
You visited 1 branch of the dungeon, and saw 5 of its levels.

You collected 94 gold pieces.

Inventory:

Hand Weapons
 a - a +0 long sword
 o - a +4 quarterstaff of chaos (weapon)
Missiles
 d - 2 throwing nets (quivered)
Armour
 b - a +0 leather armour (melded)
 c - a +0 helmet (melded)
 n - a +2 cloak of magic resistance (melded)
Jewellery
 f - an amulet of harm (around neck)
 h - a ring of positive energy (left branch)
 i - a ring of ice (right branch)
Scrolls
 g - a scroll of enchant armour {unknown}
 j - a scroll of remove curse {unknown}
 k - a scroll of teleportation {unknown}
 l - 2 scrolls of enchant weapon {unknown}
 m - 3 scrolls of identify {unknown}
 q - a scroll of noise {unknown}
 s - a scroll of magic mapping {unknown}
 v - a scroll of random uselessness {unknown}
Potions
 e - 5 potions of blood
 p - 3 potions of might
 r - a potion of curing {unknown}
 t - a potion of lignification
 u - a potion of heal wounds {unknown}


   Skills:
 - Level 2.8 Fighting
 - Level 4.6 Long Blades
 * Level 2.4 Staves
 - Level 1.5 Throwing
 - Level 4.1 Dodging


You had 4 spell levels left.
You didn't know any spells.

Dungeon Overview and Level Annotations

Branches:
Dungeon (5/15)
 Temple: D:4-7

Altars:
Hepliaklqana

Annotations:
D:3 Grinder, Sigmund
D:4 Eustachio, Pikel, Robin


Innate Abilities, Weirdness & Mutations

Your natural rate of healing is unusually fast.
((You have razor-sharp teeth.))
You have supernaturally acute eyesight. (SInv)
((You can survive without breathing.))


Message History

It was a potion of might.
You feel very mighty all of a sudden. The orc closely misses you.
The orc completely misses you. The orc closely misses you.
An orc wizard comes into view. It is wielding a dagger.
Unknown command.
It was a potion of lignification.
You turn into a tree.
Your +2 cloak of magic resistance melds into your body.
Your +0 helmet melds into your body.
Your +0 leather armour melds into your body.
You feel less resistant to hostile enchantments.
Your roots penetrate the ground.
The orc hits you with a trident.
* * * LOW HITPOINT WARNING * * *
The orc hits you but does no damage. x2
Unknown command.
The orc wizard shouts!
You thump the orc!
You kill the orc!
The orc hits you but does no damage. The orc hits you with a whip.
You die...

#.... #....
#....
#....########
###............
...............
#....!....$..
#....♣#
#...oo)......
#............
##
+............
.#
#............
.#
..........o...
.#
.####...#......
.##.
#...#......
....


You could see an orc wizard and 2 orcs.

Vanquished Creatures
  An orc priest (D:4)
  Crazy Yiuf (D:3)
  An orc wizard (D:4)
  Jessica (D:3)
  4 gnolls (D:4)
  5 adders
  An ooze (D:3)
  2 worms (D:3)
  4 dart slugs
  2 leopard geckos
  3 orcs
  2 giant cockroaches (D:3)
  5 goblins
  6 hobgoblins
  3 kobolds
  A quokka (D:3)
  4 bats
  2 frilled lizards
48 creatures vanquished.

Notes
Turn   | Place    | Note
-------+----------+-------------------------------------------
     0 | D:1      | 4thArraOfDagon the Vampire Gladiator began the quest for the Orb.
     0 | D:1      | Reached XP level 1. HP: 16/16 MP: 1/1
   134 | D:2      | Reached XP level 2. HP: 17/22 MP: 2/2
   219 | D:2      | Found a hazy altar of Hepliaklqana.
   331 | D:3      | Noticed Jessica
   337 | D:3      | Killed Jessica
   337 | D:3      | Reached XP level 3. HP: 25/28 MP: 3/3
   381 | D:3      | Reached XP level 4. HP: 30/34 MP: 4/4
   519 | D:3      | Found a runed door.
   523 | D:3      | Noticed Crazy Yiuf
   530 | D:3      | Killed Crazy Yiuf
   530 | D:3      | Reached XP level 5. HP: 40/40 MP: 5/5
   566 | D:3      | Noticed Sigmund
   571 | D:3      | Noticed Grinder
   577 | D:4      | Noticed a slave
   579 | D:4      | Noticed a slave
   581 | D:4      | Noticed Pikel
   581 | D:5      | Entered Level 5 of the Dungeon
   595 | D:4      | Noticed Eustachio
   646 | D:4      | Noticed Robin
   755 | D:4      | Reached skill level 1 in Staves
   830 | D:5      | HP: 2/40 [orc/flail (9)]
   833 | D:5      | Slain by an orc

Vault maps used:
D:1:      dpeg_arrival_rooms_with_view
D:2:      overflow_temple_1_default, lemuel_doored_altar, serial_bayou,
          serial_bayou_pond_c, serial_bayou_pond_e, serial_bayou_lagoon_b,
          serial_bayou_pond_b, bh_walls_and_bars
D:3:      minmay_diamond_boxcup, kennysheep_generic_room_4,
          uniq_crazy_yiuf_cottage, uniq_grinder, uniq_sigmund, uniq_jessica
D:4:      first_bread, feat_on_display, uniq_pikel, uniq_eustachio, uniq_robin
D:5:      enter_ossuary_1, hangedman_minor_gate_pass

Skill      XL: |  1  2  3  4  5 |
---------------+----------------+-----
Fighting       | 2 |  2.8
Long Blades    | 4 |  4.6
Dodging        | 4 |  4.1
Staves         | 2 |  2.4
Throwing       | |  1.5

Action                   |  1- 3 |  4- 6 || total
-------------------------+-------+-------++-------
Melee: Long sword        |    65 |    58 ||   123
       Bite              |     9 |     5 ||    14
       Quarterstaff      |       |    32 ||    32
Throw: Throwing net      |       |     2 ||     2
  Use: Potion            |     1 |     2 ||     3
 Stab: Sleeping          |     1 |       ||     1
       Held in net/web   |       |     1 ||     1
  Eat: Corpse            |     4 |     7 ||    11
Armor: Leather armour    |    12 |    30 ||    42
       Skin              |       |     2 ||     2
Dodge: Dodged            |    39 |    72 ||   111
